 Dungeon Crawl Stone Soup version 0.24.1-8-ga250c9d538 (webtiles) character file.

Game seed: 16519079615671164249, levelgen mode: deterministic

200 Hugehornet the Changer (level 5, 0/33 HPs)
             Began as an Octopode Transmuter on May 1, 2020.
             Slain by a phantom (10 damage)
             ... on level 4 of the Dungeon.
             The game lasted 00:07:30 (4028 turns).

Hugehornet the Changer (Octopode Transmuter)        Turns: 4028, Time: 00:07:30

Health: 0/33       AC:  3    Str: 10    XL:     5   Next: 79%
Magic:  2/8        EV: 13    Int: 16    God:
Gold:   200        SH:  0    Dex: 12    Spells: 2/8 levels left

rFire    . . .     SeeInvis .     - Unarmed
rCold    . . .     Gourm    .   (no shield)
rNeg     . . .     Faith    .   (helmet restricted)
rPois    .         Spirit   .   (no amulet)
rElec    .         Reflect  .   q - +2 ring of protection
rCorr    .         Harm     .   (no ring)
MR       .....                  (no ring)
Stlth    ++........             (no ring)
HPRegen  0.11/turn              (no ring)
MPRegen  0.11/turn              (no ring)
                                (no ring)
                                (no ring)

@: appendage (expiring)
A: almost no armour, stealthy swim, amphibious, 8 rings, constrict 8, tentacle
spike 3, camouflage 1, gelatinous body 1
a: End Transformation


You were on level 4 of the Dungeon.
You were very hungry.
One of your tentacles had a temporary spike.
You visited 1 branch of the dungeon, and saw 4 of its levels.

You collected 200 gold pieces.

Inventory:

Missiles
 a - an arrow
Armour
 k - a +0 shield
Jewellery
 q - a +2 ring of protection (left tentacle)
Wands
 p - a wand of digging (5)
 w - a wand of clouds (6)
Scrolls
 b - a scroll of enchant weapon {unknown}
 e - 5 scrolls of identify {unknown}
 i - 2 scrolls of fear {unknown}
 l - 2 scrolls of immolation {unknown}
 m - a scroll of teleportation {unknown}
 o - a scroll of fog {unknown}
 r - 2 scrolls of remove curse {unknown}
 s - a scroll of amnesia {unknown}
 t - a scroll of blinking {unknown}
Potions
 d - a potion of mutation {unknown}
 f - a potion of magic {unknown}
 g - a potion of berserk rage {unknown}
 h - a potion of brilliance {unknown}
 j - 2 potions of curing {unknown}
 n - a potion of heal wounds {unknown}
 u - a potion of degeneration {unknown}
 v - 2 potions of lignification {unknown}
 x - a potion of might {unknown}
Comestibles
 c - 8 rations


   Skills:
 - Level 1.0 Fighting
 - Level 2.0 Dodging
 - Level 3.0 Unarmed Combat
 - Level 2.0 Spellcasting
 + Level 5.8 Transmutations


You had 2 spell levels left.
You knew the following spells:

 Your Spells              Type           Power        Failure   Level  Hunger
a - Beastly Appendage     Tmut           ###...       1%          1    #......
b - Sticks to Snakes      Tmut           ###.....     2%          2    ###....
c - Spider Form           Tmut/Pois      ##........   19%         3    ###....

Your spell library contained the following spells:

 Spells                   Type           Power        Failure   Level  Hunger
 Blade Hands              Tmut           ###.......   45%         5    ######.
 Ice Form                 Ice/Tmut       ##......     52%         4    #####..


Dungeon Overview and Level Annotations

Branches:
Dungeon (4/15)
 Temple: D:4-7

Altars:
Okawaru
Qazlal
Ru
Xom


Innate Abilities, Weirdness & Mutations

You cannot wear most types of armour.
You are very stealthy in the water. (Stealth+)
You are amphibious.
You can wear up to eight rings at the same time.
You can use your tentacles to constrict eight enemies at once.
Your skin changes colour to match your surroundings (Stealth+).
Your rubbery body absorbs attacks. (AC +1, EV +1)
One of your tentacles bears a large vicious spike.


Message History

Your ball python bites the phantom but does no damage.
Your ball python misses the phantom.
Your ball python barely misses the phantom.
The phantom barely misses you.
You closely miss the phantom.
You pierce the phantom.
The phantom is severely damaged.
Your ball python bites the phantom.
Your ball python closely misses the phantom.
Your ball python bites the phantom but does no damage.
The phantom blinks!
You barely miss the phantom.
Your tentacle spike misses the phantom.
You squeeze the phantom.
The phantom is almost destroyed.
Your ball python bites the phantom but does no damage.
The phantom hits you.
Your ball python misses the phantom.
You closely miss the phantom.
The phantom is almost destroyed.
Your ball python closely misses the phantom.
The phantom hits you!
You die...

......#### ..# .........###..#..
.......##### .#. .)......# ##.#..
.........#.#.#.. ........###..#..
.......#.....#.. ..........#.....
....####.# ......................
....###..# #...#.#.#............
.....###.# #...### #............
##.##.##.# ##..W.###.........##.
...##....####..S@S.##.#.........#
##..#....#.#....S.######..<......
.#..#.##..........###.#..........
.......#.........................
...................#.#.#...#.#.##
.##.#.............## ##...####.#.
##..#.......#....## #..##......
..#...##....###...# ###..........
..##..####..####..###.......#....


You could see a phantom and 3 friendly ball pythons.

Vanquished Creatures
  2 iguanas (D:4)
  Robin (D:2)
  2 adders
  5 oozes
  4 worms
  3 dart slugs (D:1)
  A leopard gecko (D:3)
  2 orcs
  2 ball pythons (D:1)
  5 giant cockroaches
  11 goblins
  13 hobgoblins
  2 quokkas
  6 bats
  2 frilled lizards
  8 kobolds
  A leopard gecko skeleton (D:4)
  9 rats
79 creatures vanquished.

Notes
Turn   | Place    | Note
-------+----------+-------------------------------------------
     0 | D:1      | Hugehornet the Octopode Transmuter began the quest for the
                  | Orb.
     0 | D:1      | Reached XP level 1. HP: 13/13 MP: 3/3
   117 | D:1      | Reached XP level 2. HP: 16/18 MP: 1/5
   242 | D:1      | Reached skill level 3 in Transmutations
   422 | D:1      | Reached XP level 3. HP: 23/23 MP: 4/6
  1059 | D:2      | Reached skill level 4 in Transmutations
  1066 | D:2      | Learned a level 2 spell: Sticks to Snakes
  1070 | D:2      | Learned a level 3 spell: Spider Form
  1107 | D:2      | Reached XP level 4. HP: 18/28 MP: 7/7
  1992 | D:2      | Noticed Robin
  2023 | D:2      | Killed Robin
  2282 | D:2      | Found a shimmering altar of Xom.
  2414 | D:3      | Reached skill level 5 in Transmutations
  2435 | D:3      | Reached XP level 5. HP: 33/33 MP: 6/8
  3500 | D:4      | Found a sacrificial altar of Ru.
  3534 | D:4      | Noticed a phantom
  3612 | D:4      | Found an iron altar of Okawaru.
  3612 | D:4      | Found a shimmering altar of Xom.
  3612 | D:4      | Found a stormy altar of Qazlal.
  3979 | D:4      | Noticed a phantom
  4028 | D:4      | Slain by a phantom

Levels and vault maps discovered:
D:1:      saegor_arrival_simple_d, layout_loops_corners
D:2:      layout_loops_cross, tgw_xom, uniq_robin
D:3:      layout_basic
D:4:      layout_cave_pools, gammafunk_temple_overflow_forgotten,
          nicolae_ru_awakened_eye

Skill      XL: |  1  2  3  4 |
---------------+-------------+-----
Transmutations | 3 4 5 |  5.8
Fighting       | |  1.0
Dodging        | |  2.0
Unarmed Combat | |  3.0
Spellcasting   | |  2.0

Action                   |  1- 3 |  4- 6 || total
-------------------------+-------+-------++-------
Melee: Unarmed           |    74 |   121 ||   195
       Constrict         |    22 |    28 ||    50
       Kick              |    19 |    27 ||    46
       Tentacles         |    12 |    21 ||    33
       Punch             |       |     2 ||     2
 Cast: Beastly Appendage |    25 |    30 ||    55
       Sticks to Snakes  |       |     8 ||     8
       Spider Form       |       |     1 ||     1
 Stab: Sleeping          |     9 |     2 ||    11
  Eat: Chunk             |     1 |     9 ||    10
Armor: Skin              |     3 |     6 ||     9
Dodge: Dodged            |    49 |    71 ||   120
